 Dungeon Crawl Stone Soup version 0.18.1-8-gdd0e5ea (webtiles) character file.

250 HungrySpirit the Ruffian (level 5, -1/53 HPs)
             Began as a Troll Skald on May 21, 2016.
             Was an Initiate of Okawaru.
             Slain by an iron imp (8 damage)
             ... summoned by Natasha
             ... on level 4 of the Dungeon.
             The game lasted 00:03:16 (2229 turns).

HungrySpirit the Ruffian (Troll Skald)              Turns: 2229, Time: 00:03:17

Health: -1/53      AC:  5    Str: 21    XL:     5   Next: 88%
Magic:  23/23      EV:  9    Int:  8    God:    Okawaru [......]
Gold:   187        SH:  0    Dex:  9    Spells: 1 memorised, 5 levels left

rFire  . . .     SeeInvis .       - Unarmed
rCold  . . .     Gourm    +     a - +0 robe
rNeg   . . .     Faith    .     (no shield)
rPois  .         Spirit   .     (helmet restricted)
rElec  .         Dismiss  .     (no cloak)
rCorr  .         Reflect  .     (gloves unavailable)
SustAt .         Harm     .     (boots unavailable)
MR     .....                    (no amulet)
Stlth  +.........               n - ring of magical power
                                r - ring of magical power

@: not resistant to hostile enchantments, very unstealthy
A: unfitting armour, claws 3, fast metabolism 3, gourmand, regeneration 2,
shaggy fur 1, tough skin 2
a: Renounce Religion


You were on level 4 of the Dungeon.
You worshipped Okawaru.
Okawaru was noncommittal.
You were completely stuffed.

You visited 1 branch of the dungeon, and saw 4 of its levels.

You collected 187 gold pieces.

Inventory:

Armour
 a - a +0 robe (worn)
Jewellery
 n - a ring of magical power (right claw)
 r - a ring of magical power (left claw)
 w - an uncursed ring of poison resistance {unknown}
 x - an uncursed amulet of rage {unknown}
Scrolls
 e - a scroll of fear {unknown}
 f - 2 scrolls of identify {unknown}
 h - a scroll of enchant weapon {unknown}
 i - 2 scrolls of fog {unknown}
 j - a scroll of random uselessness {unknown}
 k - 3 scrolls of remove curse {unknown}
 l - a scroll of teleportation {unknown}
 m - a scroll of amnesia {unknown}
 p - 2 scrolls of blinking {unknown}
Potions
 d - 4 potions of curing {unknown}
 g - a potion of magic {unknown}
 o - 2 potions of might {unknown}
 q - 3 potions of lignification {unknown}
 t - 2 potions of haste {unknown}
Books
 b - a book of Battle

   Spells                             Type                      Level
   a - Infusion                       Charms                       1
   b - Shroud of Golubria             Charms/Translocation         2
   c - Song of Slaying                Charms                       2
   d - Spectral Weapon                Hexes/Charms                 3
   e - Regeneration                   Charms/Necromancy            3
Comestibles
 c - 4 bread rations
 u - 2 beef jerkies
 v - 2 meat rations


   Skills:
 + Level 3.0 Fighting
 - Level 1.2 Dodging
 * Level 5.3 Unarmed Combat
 - Level 1.2 Spellcasting
 - Level 2.0 Charms


You had 5 spell levels left.
You knew the following spells:

 Your Spells              Type           Power        Failure   Level  Hunger
a - Infusion              Chrm           #...         21%         1    ##.....


Dungeon Overview and Level Annotations

Branches:
Dungeon (4/15)
 Temple: D:4-7

Altars:
Okawaru

Annotations:
D:4 Natasha


Innate Abilities, Weirdness & Mutations

You are too large for most types of armour.
You have claws for hands.
Your metabolism is lightning-fast.
You like to eat raw meat.
You heal very quickly.
You are covered in fur (AC +1).
You have very tough skin (AC +2).


Message History

You barely miss something. Something claws you!
You scratch something. Something claws you but does no damage.
You miss something. Something claws you.
You miss something.
You hear some strange, mumbled words.
A magic dart appears from out of thin air!
The magic dart hits you!
You scratch something. Something claws you but does no damage.
You completely miss something. Something claws you but does no damage.
You barely miss something. Your claw misses something. Something claws you.
* * * LOW HITPOINT WARNING * * *
You scratch something but do no damage. Something claws you.
* * * LOW HITPOINT WARNING * * *
You barely miss something.
You hear some strange, mumbled words.
You barely miss something. You barely miss something. Something claws you.
* * * LOW HITPOINT WARNING * * *
The iron imp hits you!
You die...

##...........###.
#...###...<.## ##
#...# ##)..## #
#...# ##.## #
##.## ### # #.#
#.# ####.######
#{@........# #
#5##.##.##.# #.
#... # #. #%##.#
#. #.# # #. ...
## ###


You could see an iron imp.

Vanquished Creatures
  A hound (D:4)
  An orc wizard (D:4)
  3 worker ants (D:4)
  A worker ant zombie (D:4)
  3 adders
  An ooze (D:2)
  An adder skeleton (D:4)
  A worm (D:2)
  3 dart slugs
  A giant gecko (D:1)
  4 orcs
  3 giant cockroaches
  10 goblins
  7 hobgoblins
  4 jackals (D:1)
  7 kobolds
  A ball python (D:3)
  6 bats
  3 giant newts
  3 rats
64 creatures vanquished.

Notes
Turn   | Place    | Note
--------------------------------------------------------------
     0 | D:1      | HungrySpirit the Troll Skald began the quest for the Orb.
     0 | D:1      | Reached XP level 1. HP: 19/19 MP: 1/1
    82 | D:1      | Reached XP level 2. HP: 20/28 MP: 2/2
   354 | D:1      | Reached skill level 3 in Unarmed Combat
   703 | D:1      | Reached XP level 3. HP: 35/35 MP: 3/3
  1318 | D:3      | Reached XP level 4. HP: 37/42 MP: 4/4
  1397 | D:3      | Reached skill level 4 in Unarmed Combat
  1962 | D:4      | Reached XP level 5. HP: 41/50 MP: 5/5
  2068 | D:4      | Reached skill level 5 in Unarmed Combat
  2092 | D:4      | Found an iron altar of Okawaru.
  2165 | D:4      | Became a worshipper of Warmaster Okawaru
  2212 | D:4      | Noticed Natasha
  2229 | D:4      | Slain by an iron imp

Skill      XL: |  1  2  3  4  5 |
---------------+----------------+-----
Unarmed Combat | 3 4 5 |  5.3
Fighting       | 2 3 |  3.0
Dodging        | |  1.2
Spellcasting   | |  1.2
Charms         | |  2.0

Action                   |  1- 3 |  4- 6 || total
-------------------------+-------+-------++-------
Melee: Unarmed           |   116 |    80 ||   196
       Punch             |       |     2 ||     2
  Eat: Chunk             |    17 |     9 ||    26
Armor: Robe              |    56 |    24 ||    80
Dodge: Dodged            |    63 |    20 ||    83
